AoeStats
← purotte^

Pilgrims

508257164Analyzed
3v3 RM · 9d ago on Sep 21, 2026· 42m 31s· 6 players
Game mode
Random Map
Map size
Normal (6 player)
Population
200
Speed
Normal
Resources
Standard
Victory
Conquest
Starting age
Dark Age
Ending age
Imperial Age
RankedLock teamsTeams togetherTeam positionsShared explorationLock speedFull tech treeHidden civsTurbo modeCheats
Victory
Defeat
🇨🇱 Saracens · Chile
921
+15
🇦🇷 Khmer · Argentina
917
+15
🇺🇸 Goths · United States
871
+16
🇪🇸 Portuguese · Spain
907
-16
🇩🇪 Armenians · Germany
905
-16
🇵🇱 Persians · Poland
861
-14
Papaya_Banana91
5:08 Loom
13:56 Feudal Age
15:02 Man-at-Arms
15:28 Arson
15:53 Scale Mail Armor
15:57 Fishing Lines
17:03 Long Swordsman
18:32 Fletching
18:44 Double-Bit Axe
20:41 Forging
20:22 Town Watch
21:17 Wheelbarrow
24:30 Castle Age
22:53 Pikeman
26:38 Chain Mail Armor
25:46 Two-Handed Swordsman
26:12 Gambesons
26:27 Squires
28:29 Medium Warships
32:55 Hand Cart
34:10 Clinker Construction
34:10 Careening
34:07 Siphons
39:49 Imperial Age
38:22 Champion
42:17 Bodkin Arrow
purotte^
12:04 Feudal Age
13:32 Loom
14:24 Wheelbarrow
14:53 Double-Bit Axe
20:50 Castle Age
22:41 Pikeman
23:37 Forging
27:06 Scale Mail Armor
33:09 Horse Collar
35:39 Hand Cart
36:30 Gold Mining
39:11 Iron Casting
Crusher
TreeFugger69
3:33 Loom
13:26 Feudal Age
13:47 Man-at-Arms
15:39 Double-Bit Axe
16:47 Horse Collar
20:53 Wheelbarrow
22:57 Castle Age
21:10 Gold Mining
21:11 Stone Mining
21:44 Town Watch
23:57 Scale Mail Armor
24:08 Forging
25:01 Wheelbarrow
24:11 Long Swordsman
30:29 Bow Saw
30:22 Heavy Plow
30:57 Chain Mail Armor
30:48 Scale Barding Armor
33:53 Imperial Age
32:08 Anarchy
35:10 Conscription
35:50 Ballistics
35:23 Fletching
38:53 Perfusion
39:15 Squires
41:45 Iron Casting
41:06 Bodkin Arrow
41:26 Masonry
gitPushOriginMaster
6:27 Loom
12:15 Feudal Age
14:55 Wheelbarrow
17:49 Castle Age
19:40 Medium Warships
20:36 Fishing Lines
21:35 Gold Mining
21:43 Double-Bit Axe
23:11 Gold Shaft Mining
22:52 Bow Saw
29:57 Fletching
34:12 Horse Collar
37:05 Bodkin Arrow
36:57 Town Watch
41:12 Imperial Age
PNAL | Mark Max 77
4:16 Loom
13:18 Feudal Age
14:44 Wheelbarrow
14:20 Double-Bit Axe
14:16 Horse Collar
15:37 Town Watch
18:21 Castle Age
19:04 Gold Mining
19:54 Bow Saw
21:24 Bloodlines
21:16 Husbandry
21:53 Hand Cart
22:59 Heavy Plow
28:06 Scale Barding Armor
28:12 Forging
31:19 Fletching
32:04 Chain Barding Armor
32:40 Gold Shaft Mining
33:31 Bodkin Arrow
33:55 Town Patrol
37:54 Imperial Age
35:20 Light Cavalry
36:38 Iron Casting
39:03 Conscription
38:15 Cavalier
39:32 Plate Barding Armor
40:24 Blast Furnace
39:57 Ballistics
Connection lost

Rejoining the realm…

Still unreachable

The connection could not be restored.

Session expired

The server has moved on; the page needs a fresh start.